 Dungeon Crawl Stone Soup version 0.16.2-2-g470672f (webtiles) character file.

18703 dearth the Basher (level 12, -8/108 HPs)
             Began as a Minotaur Fighter on Sept 5, 2015.
             Was a High Priest of Okawaru.
             Killed from afar by an ogre mage (27 damage)
             ... with a bolt of lightning
             ... on level 12 of the Dungeon.
             The game lasted 00:38:58 (13690 turns).

dearth the Basher (Minotaur Fighter)               Turns: 13690, Time: 00:38:59

Health: -8/108     AC: 26    Str: 32    XL:     12   Next: 30%
Magic:  13/18      EV:  7    Int:  8    God:    Okawaru [*****.]
Gold:   261        SH: 24    Dex: 11    Spells: 0 memorised, 11 levels left

rFire  . . .     SeeInvis .     t - +3 morningstar
rCold  . . .     Clarity  .     D - +2 crystal plate armour
rNeg   + . .     SustAb   .     k - +2 large shield {rN+}
rPois  .         Gourm    .     (helmet restricted)
rElec  .         Spirit   .     (no cloak)
rCorr  .         Warding  .     (no gloves)
rMut   .         Stasis   .     (no boots)
MR     .....                    (no amulet)
Stlth  ..........               q - +3 ring of intelligence
                                o - +2 ring of dexterity

@: mighty, heroism, finesse, very slightly contaminated, not resistant to
hostile enchantments, extremely unstealthy
A: retaliatory headbutt, horns 2
a: Heroism, Finesse, Renounce Religion


You were on level 12 of the Dungeon.
You worshipped Okawaru.
Okawaru was extremely pleased with you.
You were hungry.

You visited 2 branches of the dungeon, and saw 13 of its levels.

You collected 753 gold pieces.
You spent 492 gold pieces at shops.

Inventory:

Hand weapons
 t - a +3 morningstar (weapon)
Missiles
 H - 6 tomahawks of returning (quivered)
Armour
 c - a +0 shield
 j - the cursed -3 cloak of the Present {rF+ rCorr}
   (You bought it in a shop on level 9 of the Dungeon)

   It protects you from fire.
   It protects you from acid and corrosion.
   It has a curse placed upon it.
 k - a +2 large shield of positive energy (worn)
 x - a +2 scale mail of cold resistance
 D - a +2 crystal plate armour (worn)
 J - a +1 storm dragon armour
Jewellery
 o - a +2 ring of dexterity (left hand)
 q - a +3 ring of intelligence (right hand)
Magical devices
 r - a wand of random effects (28)
 s - a wand of enslavement (0)
 M - a wand of teleportation (7)
Scrolls
 f - 7 scrolls of identify
 h - a scroll of amnesia
 i - 2 scrolls of fog
 m - 2 scrolls of enchant weapon
 p - 3 scrolls of magic mapping
 v - 7 scrolls of teleportation
 y - a scroll of blinking
 C - a scroll of recharging
 E - 3 scrolls of remove curse
 F - 3 scrolls of fear
Potions
 b - a potion of haste
 e - a potion of might
 g - a potion of magic
 n - a potion of cancellation {unknown}
 w - 2 potions of brilliance
 A - 4 potions of curing
 B - a potion of invisibility
Books
 z - a book of Hinderance

   Spells                             Type                      Level
   a - Confusing Touch                Hexes                        2
   b - Confuse                        Hexes                        3
   c - Petrify                        Transmutation/Earth          4
   d - Metabolic Englaciation         Hexes/Ice                    5
   e - Gell's Gravitas                Hexes/Translocation          5
   f - Summon Mana Viper              Hexes/Summoning              5
 G - a Fen Folio

   Spells                             Type                      Level
   a - Corpse Rot                     Necromancy                   2
   b - Stone Arrow                    Conjuration/Earth            3
   c - Leda's Liquefaction            Hexes/Earth                  4
   d - Summon Forest                  Summoning/Translocation      5
   e - Hydra Form                     Transmutation                6
   f - Summon Hydra                   Summoning                    7
 I - a book of Necromancy

   Spells                             Type                      Level
   a - Pain                           Necromancy                   1
   b - Animate Skeleton               Necromancy                   1
   c - Vampiric Draining              Necromancy                   3
   d - Regeneration                   Charms/Necromancy            3
   e - Animate Dead                   Necromancy                   4
   f - Control Undead                 Necromancy                   4
 K - a book of Battle

   Spells                             Type                      Level
   a - Infusion                       Charms                       1
   b - Shroud of Golubria             Charms/Translocation         2
   c - Song of Slaying                Charms                       2
   d - Spectral Weapon                Hexes/Charms                 3
   e - Regeneration                   Charms/Necromancy            3
Comestibles
 a - 4 fruits
 d - 7 bread rations
 l - a meat ration


   Skills:
 + Level 10.8(15.8) Fighting
 * Level 14.2(19.2) Maces & Flails
 + Level 10.8(15.8) Armour
 + Level 10.8(15.8) Shields
 + Level 6.2 Invocations
 - Level 3.2 Evocations


You had 11 spell levels left.
You didn't know any spells.

Dungeon Overview and Level Annotations

Branches:
Dungeon (12/15)            Temple (1/1) D:7            Lair (0/8) D:10
    Orc (0/4) D:9

Altars:
Ashenzari
Cheibriados
Dithmenos
Elyvilon
Fedhas
Gozag
Kikubaaqudgha
Makhleb
Nemelex Xobeh
Okawaru
Qazlal
Ru
Sif Muna
Trog
Vehumet
Xom
Yredelemnul
Zin
The Shining One

Shops:
D:9 [![(   D:10 [   D:11 %


Innate Abilities, Weirdness & Mutations

You reflexively headbutt those who attack you in melee.
You have a pair of horns on your head.


Message History

You block the ogre mage's attack.
You block the centaur skeleton's attack.
You catch the helpless centaur skeleton completely off-guard!
You puncture the centaur skeleton!
You destroy the centaur skeleton!
Okawaru accepts your kill.
The worker ant twitches its antennae in your direction.
You block the hound's attack.
The cyclops throws a large rock.
The large rock closely misses the hound.
The ogre mage points at you and mumbles some strange words.
The bolt of lightning hits you!
* * * LOW HITPOINT WARNING * * *
You flicker back into view.
The hound closely misses you.
Unknown command.
The ogre mage points at you and mumbles some strange words.
The bolt of lightning hits the hound.
The hound dies!
The bolt of lightning hits you!
You die...

...##...............#
.........###############
###....#.# ##.......##
.........# #...(†(...#
....##...# ####C.?.O(...#
....##...###aC....).)..##
.........##9e###....####
.$#....#C..†## #†####
......#..### #@#
......#OO# #...#
......#... #.### ....
#C#..... # #..###. ... #.
..# # .


You could see an ogre mage and a cyclops.

Vanquished Creatures
  2 hydras (D:12)
  A centaur warrior (D:12)
  3 unseen horrors
  A hill giant (D:12)
  A griffon (D:12)
  An ugly thing (D:12)
  2 cyclopes (D:12)
  Joseph (D:7)
  2 centaur skeletons
  2 trolls
  2 two-headed ogres (D:12)
  Prince Ribbit (D:4)
  A trapdoor spider zombie (D:11)
  A wyvern (D:12)
  A deep elf mage (D:10)
  17 yaks
  A vampire mosquito (D:12)
  Eustachio (D:8)
  A hippogriff (D:12)
  2 mottled dragons (D:12)
  3 hungry ghosts
  An ice beast (D:7)
  2 eyes of draining
  4 orc warriors
  4 black bears
  A sky beast (D:7)
  A wasp (D:11)
  2 necrophages
  2 phantoms
  A crocodile (D:11)
  11 ogres
  10 centaurs
  4 boring beetles (D:10)
  Duvessa (D:5)
  9 giant frogs
  2 big kobolds
  5 scorpions
  16 wights
  5 killer bees (D:12)
  2 goliath beetles
  9 hounds
  Dowan (D:5)
  4 crimson imps
  4 orc priests
  A jelly (D:4)
  A giant frog zombie (D:11)
  4 giant frog skeletons
  17 orc wizards
  3 iguanas
  10 worker ants
  2 sheep (D:12)
  2 hound zombies
  A hound skeleton (D:4)
  A mummy (D:3)
  2 worker ant zombies
  4 gnolls (D:10)
  9 adders
  A shadow imp (D:11)
  A giant mite (D:2)
  2 worms
  2 adder zombies
  4 giant geckos
  41 orcs
  12 bats
  2 bat skeletons
  3 giant cockroaches
  19 hobgoblins
  15 jackals
  2 quokkas (D:6)
  A ball python (D:3)
  2 giant gecko skeletons
  2 giant newts
  2 giant spores
  14 goblins
  2 goblin skeletons (D:4)
  2 goblin zombies (D:4)
  2 hobgoblin zombies (D:4)
  A jackal skeleton (D:4)
  19 kobolds
  An orc skeleton (D:4)
  18 rats
  5 ballistomycetes
380 creatures vanquished.

Vanquished Creatures (others)
  An orc warrior (D:9)
  A hound (D:12)
  A hobgoblin (D:10)
  A giant spore (D:10)
4 creatures vanquished.

Grand Total: 384 creatures vanquished

Notes
Turn   | Place    | Note
--------------------------------------------------------------
     0 | D:1      | dearth, the Minotaur Fighter, began the quest for the Orb.
     0 | D:1      | Reached XP level 1. HP: 19/19 MP: 1/1
   524 | D:1      | Reached XP level 2. HP: 26/26 MP: 1/1
   971 | D:2      | Found a sparkling altar of Nemelex Xobeh.
   973 | D:2      | Found a shimmering altar of Xom.
  1315 | D:2      | Reached skill level 4 in Armour
  1531 | D:2      | Reached XP level 3. HP: 29/33 MP: 2/2
  1706 | D:3      | Reached XP level 4. HP: 16/40 MP: 2/2
  2244 | D:3      | Reached XP level 5. HP: 46/46 MP: 2/2
  2547 | D:4      | Noticed an ogre
  2559 | D:4      | Reached skill level 5 in Maces & Flails
  2564 | D:4      | Killed an ogre
  2608 | D:4      | Reached XP level 6. HP: 49/53 MP: 3/3
  2618 | D:4      | Reached skill level 5 in Shields
  2658 | D:4      | Noticed a black bear
  2668 | D:4      | Killed a black bear
  2668 | D:4      | Reached skill level 5 in Armour
  2771 | D:4      | Noticed an ogre
  2780 | D:4      | Killed an ogre
  2780 | D:4      | Reached skill level 5 in Fighting
  2780 | D:4      | Reached skill level 6 in Maces & Flails
  3050 | D:4      | Reached XP level 7. HP: 53/61 MP: 3/3
  3120 | D:4      | Found a glowing golden altar of the Shining One.
  3294 | D:5      | Entered Level 5 of the Dungeon
  3294 | D:5      | Noticed Prince Ribbit
  3294 | D:5      | Noticed Duvessa
  3893 | D:4      | Killed Prince Ribbit
  3893 | D:4      | Reached skill level 7 in Maces & Flails
  4068 | D:5      | Noticed Dowan
  4326 | D:5      | Killed Duvessa
  4332 | D:5      | Killed Dowan
  4406 | D:5      | Reached XP level 8. HP: 41/70 MP: 3/3
  4484 | D:5      | Found a radiant altar of Vehumet.
  4533 | D:5      | Found a sparkling altar of Nemelex Xobeh.
  5260 | D:5      | Reached skill level 8 in Maces & Flails
  5628 | D:6      | Found a deep blue altar of Sif Muna.
  5902 | D:6      | Reached skill level 1 in Evocations
  5932 | D:6      | Found an iron altar of Okawaru.
  5960 | D:6      | Reached skill level 9 in Maces & Flails
  6356 | D:6      | Found a stormy altar of Qazlal.
  6517 | D:7      | Reached XP level 9. HP: 79/79 MP: 7/7
  6992 | D:7      | Found a staircase to the Ecumenical Temple.
  7002 | Temple   | Entered the Ecumenical Temple
  7105 | D:6      | Became a worshipper of Warmaster Okawaru
  7127 | D:7      | Noticed Joseph
  7158 | D:7      | Killed Joseph
  7163 | D:7      | Acquired Okawaru's first power
  7187 | D:7      | Reached skill level 10 in Maces & Flails
  7440 | D:7      | Reached skill level 1 in Invocations
  7889 | D:7      | Gained mutation: You are resistant to hostile enchantments. [potion of mutation]
  7889 | D:7      | Gained mutation: Armour fits poorly on your strangely shaped body. [potion of mutation]
  7889 | D:7      | Gained mutation: You expend magic power (3 MP) to slightly strengthen your wands. [potion of mutation]
  7890 | D:7      | Lost mutation: You expend magic power (3 MP) to slightly strengthen your wands. [potion of cure mutation]
  7890 | D:7      | Lost mutation: You are resistant to hostile enchantments. [potion of cure mutation]
  7890 | D:7      | Lost mutation: Armour fits poorly on your strangely shaped body. [potion of cure mutation]
  8096 | D:8      | Noticed Eustachio
  8109 | D:8      | Killed Eustachio
  8109 | D:8      | Reached XP level 10. HP: 68/88 MP: 9/9
  8709 | D:8      | Reached skill level 11 in Maces & Flails
  9046 | D:9      | Found Meozinwi's Armour Shop.
  9051 | D:9      | Bought the cursed -3 cloak of the Present {rF+ rCorr} for 97 gold pieces
  9051 | D:9      | Bought a +2 large shield of positive energy for 296 gold pieces
  9109 | D:9      | Found Deeras' Distillery.
  9112 | D:9      | Bought a potion of curing for 33 gold pieces
  9112 | D:9      | Bought a potion of curing for 33 gold pieces
  9112 | D:9      | Bought a potion of curing for 33 gold pieces
  9164 | D:9      | Found Klurgh's Antique Armour Shop.
  9342 | D:9      | Killed an unseen horror
  9752 | D:9      | Found Aseqeas' Weapon Shop.
 10312 | D:9      | Reached skill level 12 in Maces & Flails
 10499 | D:9      | Found a staircase to the Orcish Mines.
 10727 | D:10     | Entered Level 10 of the Dungeon
 10753 | D:10     | Reached XP level 11. HP: 84/97 MP: 11/11
 10783 | D:10     | Found Shoatrue's Antique Armour Boutique.
 11077 | D:10     | Found a staircase to the Lair.
 11138 | D:10     | Killed an unseen horror
 11321 | D:10     | Identified a scroll of acquirement
 12012 | D:11     | Acquired Okawaru's second power
 12068 | D:11     | Killed an unseen horror
 12068 | D:11     | Reached skill level 10 in Shields
 12285 | D:11     | Found Chufaokk's Food Emporium.
 12331 | D:11     | Received a gift from Okawaru
 12342 | D:11     | Reached skill level 10 in Armour
 12526 | D:11     | Reached skill level 13 in Maces & Flails
 12526 | D:11     | Reached skill level 5 in Invocations
 12883 | D:11     | Reached skill level 10 in Fighting
 13432 | D:12     | Noticed a four-headed hydra
 13446 | D:12     | Killed a four-headed hydra
 13508 | D:12     | Noticed a centaur warrior
 13540 | D:12     | Killed a centaur warrior
 13544 | D:12     | Reached XP level 12. HP: 88/107 MP: 16/16
 13577 | D:12     | Got a distressingly furry ring mail
 13578 | D:12     | Identified the +4 ring mail "Throp" {MP+9 Dex-5 Stlth+} (You found it on level 12 of the Dungeon)
 13631 | D:12     | Noticed an ogre mage
 13638 | D:12     | Noticed a six-headed hydra
 13645 | D:12     | Noticed a hill giant
 13660 | D:12     | Killed a six-headed hydra
 13660 | D:12     | Reached skill level 14 in Maces & Flails
 13667 | D:12     | Killed a hill giant
 13690 | D:12     | Killed from afar by an ogre mage

Action                   |  1- 3 |  4- 6 |  7- 9 | 10-12 || total
-------------------------+-------+-------+-------+-------++-------
Melee: Flail             |    83 |   110 |   257 |       ||   450
       Morningstar       |       |       |   144 |   622 ||   766
Invok: Heroism           |       |       |       |     1 ||     1
       Finesse           |       |       |       |     1 ||     1
  Use: Potion            |       |       |    15 |     3 ||    18
       Scroll            |       |       |    14 |     5 ||    19
 Stab: Invisible         |       |       |       |     8 ||     8
  Eat: Chunk             |     2 |     4 |     2 |     3 ||    11
       Fruit             |       |     1 |     5 |       ||     6
       Pizza             |       |       |     1 |     2 ||     3
       Meat ration       |       |       |     2 |     2 ||     4
       Royal jelly       |       |       |       |     1 ||     1
